 Dungeon Crawl Stone Soup version 0.19-a0-1704-gbd66c22 (webtiles) character file.

738 4thArraOfDagon the Firebug (level 7, -2/36 HPs)
             Began as a Deep Elf Fire Elementalist on Sept 27, 2016.
             Was an Initiate of Sif Muna.
             Slain by an orc priest
             ... wielding a +0 flail
              (5 damage)
             ... on level 6 of the Dungeon.
             The game lasted 00:07:46 (1095 turns).

4thArraOfDagon the Firebug (DEFE)                   Turns: 1095, Time: 00:07:47

Health: -2/36      AC:  3    Str:  5    XL:     7   Next: 46%
Magic:  4/17       EV: 13    Int: 27    God:    Sif Muna [......]
Gold:   179        SH:  0    Dex: 17    Spells: 4 memorised, 3 levels left

rFire  + . .     SeeInvis +     j - +0 spear (venom)
rCold  . . .     Gourm    +     a - +0 robe
rNeg   . . .     Faith    .     (no shield)
rPois  .         Spirit   .     (no helmet)
rElec  .         Dismiss  .     (no cloak)
rCorr  .         Reflect  .     (no gloves)
MR     +....     Harm     .     (no boots)
Stlth  +++....... Rnd*Rage +    n - amulet of the gourmand Rnd*Tele +
                                (no ring)
                                s - ring of protection from magic

@: brilliant, very slightly contaminated
A: talons 1, thin skeletal structure 1, see invisible, berserk 1, fire
resistance 1, sense surroundings 1, screaming 1, teleportitis 1
a: Renounce Religion


You were on level 6 of the Dungeon.
You worshipped Sif Muna.
Sif Muna was noncommittal.
You were not hungry.

You visited 1 branch of the dungeon, and saw 6 of its levels.

You collected 179 gold pieces.

Inventory:

Hand Weapons
 e - a +0 quarterstaff
 j - a +0 spear of venom (weapon)
Missiles
 k - a throwing net (quivered)
Armour
 a - a +0 robe (worn)
Jewellery
 n - an amulet of the gourmand (around neck)
 s - a ring of protection from magic (left hand)
Wands
 l - a wand of flame (40/48)
 m - a wand of random effects (8/48)
 p - a wand of digging (9/24)
Scrolls
 i - a scroll of fear {unknown}
 r - a scroll of amnesia {unknown}
 t - a scroll of teleportation {unknown}
 u - a scroll of magic mapping {unknown}
Potions
 g - a potion of lignification
 o - a potion of ambrosia
 q - a potion of brilliance
Books
 b - a book of Flames

   Spells                             Type                      Level
   a - Flame Tongue                   Conjuration/Fire             1
   b - Throw Flame                    Conjuration/Fire             2
   c - Conjure Flame                  Conjuration/Fire             3
   d - Inner Flame                    Hexes/Fire                   3
   e - Sticky Flame                   Conjuration/Fire             4
   f - Fireball                       Conjuration/Fire             5
Comestibles
 c - 3 bread rations
 d - a beef jerky
 f - a slice of pizza
 h - 2 meat rations


   Skills:
 - Level 2.4 Dodging
 - Level 2.4 Stealth
 + Level 5.4 Spellcasting
 * Level 5.7 Conjurations
 * Level 6.5 Fire Magic
 + Level 1.2 Invocations


You had 3 spell levels left.
You knew the following spells:

 Your Spells              Type           Power        Failure   Level  Hunger
a - Flame Tongue          Conj/Fire      #####        1%          1    None
b - Conjure Flame         Conj/Fire      ######..     1%          3    #......
c - Sticky Flame          Conj/Fire      ######..     1%          4    ###....
d - Fireball              Conj/Fire      ######....   2%          5    #####..


Dungeon Overview and Level Annotations

Branches:
Dungeon (6/15)
 Temple: D:4-7

Altars:
Ashenzari
Dithmenos
Nemelex Xobeh
Sif Muna
Zin


Innate Abilities, Weirdness & Mutations

You have sharp toenails.
You have a somewhat thin skeletal structure. (Dex +2, Stealth)
You have supernaturally acute eyesight. (SInv)
You tend to lose your temper in combat.
Your flesh is heat resistant. (rF+)
You passively map a small area around you.
You occasionally shout uncontrollably at your foes.
You are occasionally teleported next to monsters.


Message History

Unknown command.
The orc priest invokes the aid of Beogh against you.
Pain shoots through your body!
* * * LOW HITPOINT WARNING * * *
Unknown command.
It was a potion of brilliance.
You feel clever all of a sudden.
The orc priest invokes the aid of Beogh against you.
You easily resist.
Unknown command.
Casting: Fireball
Confirm with . or Enter, or press ? or * to list all spells.
Aiming: Sticky Flame
Press: ? - help, Shift-Dir - straight line, f/p - orc priest
Aim: an orc priest, wielding a flail (fast)
The sticky flame hits the orc priest.
The orc priest is heavily wounded.
The orc priest is covered in liquid flames!
The orc priest burns!
The orc priest hits you with a flail.
You die...

* #### ** ,
..... * ...$. *
=..... *
>.(....### ,
...o..oo# , #o#
* #o# , #@# *
#.## ##### #..##
#... , ##..##
#.# ** ##..#
..## ##.###
...###### #...#
.#......########
*###.####
................
#....#


You could see an orc priest (burning), 2 orc wizards and an orc.

Vanquished Creatures
  A sky beast (D:6)
  An ice beast (D:5)
  An ogre (D:4)
  3 scorpions
  A centaur zombie (D:5)
  A hound (D:5)
  An orc wizard (D:6)
  A centaur skeleton (D:4)
  An iguana (D:4)
  3 worker ants
  A hound skeleton (D:5)
  7 adders
  A leopard gecko (D:3)
  5 orcs
  A ball python (D:1)
  A giant cockroach (D:4)
  A goblin (D:2)
  6 jackals (D:5)
  A kobold (D:3)
  A quokka (D:5)
  4 frilled lizards
43 creatures vanquished.

Notes
Turn   | Place    | Note
-------+----------+-------------------------------------------
     0 | D:1      | 4thArraOfDagon the Deep Elf Fire Elementalist began the quest for the Orb.
     0 | D:1      | Reached XP level 1. HP: 10/10 MP: 6/6
   110 | D:3      | Reached XP level 2. HP: 15/15 MP: 2/8
   198 | D:4      | Noticed an ogre
   202 | D:4      | Gained mutation: You passively map a small area around you. [potion of beneficial mutation]
   227 | D:5      | Entered Level 5 of the Dungeon
   238 | D:5      | Reached skill level 4 in Fire Magic
   238 | D:5      | Reached XP level 3. HP: 17/19 MP: 6/9
   243 | D:5      | Learned a level 3 spell: Conjure Flame
   267 | D:5      | Reached XP level 4. HP: 24/24 MP: 3/11
   273 | D:5      | Learned a level 4 spell: Sticky Flame
   326 | D:5      | Noticed an ice beast
   342 | D:5      | Killed an ice beast
   342 | D:5      | Reached skill level 5 in Fire Magic
   342 | D:5      | Reached XP level 5. HP: 8/28 MP: 0/13
   437 | D:5      | Reached XP level 6. HP: 6/32 MP: 1/14
   520 | D:4      | Reached skill level 5 in Conjurations
   587 | D:4      | Found a deep blue altar of Sif Muna.
   609 | D:4      | Found a glowing silver altar of Zin.
   609 | D:4      | Found a shadowy altar of Dithmenos.
   623 | D:4      | Became a worshipper of Sif Muna the Loreminder
   635 | D:4      | Reached skill level 6 in Fire Magic
   638 | D:4      | Gained mutation: You occasionally shout uncontrollably at your foes. [potion of mutation]
   638 | D:4      | Gained mutation: Your flesh is heat resistant. (rF+) [potion of mutation]
   638 | D:4      | Gained mutation: You have a somewhat thin skeletal structure. (Dex +2, Stealth) [potion of mutation]
   679 | D:3      | Reached XP level 7. HP: 7/36 MP: 1/16
   794 | D:5      | Reached skill level 5 in Spellcasting
   876 | D:5      | Found a shattered altar of Ashenzari.
   940 | D:6      | Learned a level 5 spell: Fireball
   970 | D:6      | Reached skill level 1 in Invocations
   977 | D:6      | Gained mutation: You have supernaturally acute eyesight. (SInv) [mutagenic meat]
   980 | D:6      | Gained mutation: You tend to lose your temper in combat. [mutagenic meat]
   983 | D:6      | Gained mutation: You have sharp toenails. [mutagenic meat]
   992 | D:6      | Gained mutation: You are occasionally teleported next to monsters. [mutagenic meat]
  1036 | D:6      | Found a sparkling altar of Nemelex Xobeh.
  1095 | D:6      | Slain by an orc priest

Vault maps used:
D:1:      tarquinn_simple_flora_water_e, minmay_pentomino_q2
D:4:      minitemple, lightli_temple_of_fire, first_bread
D:5:      nicolae_overflow_hidden_temple
D:6:      nemelex_xobeh_ov_fountains_minmay

Skill      XL: |  1  2  3  4  5  6  7 |
---------------+----------------------+-----
Conjurations   | 2 3 4 5 |  5.7
Fire Magic     | 4 5 6 |  6.5
Spellcasting   | 4 5 |  5.4
Invocations    | 1 |  1.2
Dodging        | |  2.4
Stealth        | |  2.4

Action                   |  1- 3 |  4- 6 |  7- 9 || total
-------------------------+-------+-------+-------++-------
Melee: Unarmed           |     8 |       |       ||     8
       Quarterstaff      |     2 |     8 |       ||    10
       Spear             |       |    27 |    23 ||    50
 Cast: Flame Tongue      |    21 |     1 |    15 ||    37
       Conjure Flame     |     1 |     5 |     1 ||     7
       Sticky Flame      |       |     7 |     6 ||    13
Evoke: Wand              |       |       |     2 ||     2
  Use: Potion            |     2 |     2 |     1 ||     5
       Scroll            |     1 |       |     1 ||     2
  Eat: Chunk             |       |     1 |    11 ||    12
Armor: Robe              |     6 |     2 |     8 ||    16
       Skin              |       |    10 |       ||    10
Dodge: Dodged            |    43 |     9 |    24 ||    76
